 Dungeon Crawl Stone Soup version 0.31.0 (webtiles) character file.

Game seed: 17373683355116380432

1696137 Daunt the Messiah (level 26, 258/258 HPs)
             Began as a Hill Orc Reaver on Jan 20, 2024.
             Was the Champion of Beogh.
             Escaped with the Orb
             ... and 3 runes!
             The game lasted 06:18:37 (63592 turns).

Daunt the Messiah (Hill Orc Reaver)                Turns: 63592, Time: 06:18:37

Health: 258/258    AC: 44    Str: 27      XL:     26   Next: 33%
Magic:  40/40      EV: 13    Int: 16 (17) God:    Beogh [******]
Gold:   2226       SH: 16    Dex: 16 (17) Spells: 25/28 levels left

rFire   + + +        a - +9 broad axe (elec)
rCold   + + .        W - +2 shield of Resistance {rF++ rC++ Will++}
rNeg    + . .        f - +9 scales of the Dragon King {rPois rF+ rC+ Will+}
rPois   +            (no helmet)
rElec   +            u - +2 cloak {rPois}
rCorr   .            K - +2 pair of gloves {Stlth+}
SInv    +            B - +2 pair of boots "Zieliyv" {Regen+ Int+4}
Will    ++++.        h - amulet "Qarch" {Spirit rElec} Stlth
                     E - ring "Ufuc" {rN+ Dex+8 SInv Stlth-}
HPRegen 1.43/turn    k - +4 ring of slaying
MPRegen 0.27/turn

%: clarity, guardian spirit
@: studying 3 skills
A: walk on water, clarity, deterioration 2, evolution 1, cold vulnerability 1,
inability to drink after injury 1
0: Orb of Zot
}: 3/15 runes: decaying, serpentine, silver
a: Renounce Religion, Smiting, Recall Orcish Followers, Give Item to Named
Follower, Resurrection


You escaped.
You worshipped Beogh.
Beogh was exalted by your worship.
You visited 9 branches of the dungeon, and saw 47 of its levels.
You also visited: Bailey, Gauntlet, Ice Cave, Volcano and Desolation.

You collected 8169 gold pieces.
You spent 5943 gold pieces at shops.

Inventory:

Hand Weapons
 a - a +9 broad axe of electrocution (weapon)
Missiles
 e - 23 boomerangs
 o - 80 poisoned darts (quivered)
 G - 3 throwing nets
 N - 12 atropa-tipped darts
 Q - 2 datura-tipped darts
 R - 7 silver javelins
 T - 18 javelins
 V - 9 curare-tipped darts
Armour
 f - the +9 scales of the Dragon King (worn) {rPois rF+ rC+ Will+}
   (You bought it in a shop on level 3 of the Vaults)

   rF+:       It protects you from fire.
   rC+:       It protects you from cold.
   rPois:     It protects you from poison Will+: It increases your willpower.
 u - a +2 cloak of poison resistance (worn)
 B - the +2 pair of boots "Zieliyv" (worn) {Regen+ Int+4}
   (You bought it in a shop on level 1 of the Vaults)

   Int+4:     It affects your intelligence (+4).
   Regen+:    It increases your rate of health regeneration.
 J - a +2 helmet of see invisible
 K - a +2 pair of gloves of stealth (worn)
 W - the +2 shield of Resistance (worn) {rF++ rC++ Will++}
   (You bought it in a shop on level 11 of the Dungeon)

   rF++:      It greatly protects you from fire.
   rC++:      It greatly protects you from cold.
   Will++:    It greatly increases your willpower.
Jewellery
 h - the amulet "Qarch" (around neck) {Spirit rElec}
   (You found it in the Desolation of Salt)

   [amulet of guardian spirit]

   Spirit:    It causes incoming damage to be divided between your reserves of
   health and magic.
   rElec:     It insulates you from electricity.
 k - a +4 ring of slaying (right hand)
 E - the ring "Ufuc" (left hand) {rN+ Dex+8 SInv Stlth-}
   (You bought it in a shop on level 2 of the Elven Halls)

   [ring of positive energy]

   Dex+8:     It affects your dexterity (+8).
   rN+:       It protects you from negative energy.
   SInv:      It lets you see invisible.
   Stlth-:    It makes you less stealthy.
 S - a ring of flight
Wands
 w - a wand of mindburst (4)
 D - a wand of roots (30)
 H - a wand of quicksilver (45)
 P - a wand of digging (11)
Scrolls
 c - 3 scrolls of revelation
 d - 9 scrolls of fear
 j - 11 scrolls of immolation
 q - 8 scrolls of summoning
 y - 4 scrolls of silence
 F - 5 scrolls of blinking
 I - 6 scrolls of fog
 O - 26 scrolls of teleportation
 U - 2 scrolls of enchant weapon
 X - 7 scrolls of poison
Potions
 g - 2 potions of haste
 i - 6 potions of resistance
 l - 4 potions of cancellation
 m - 3 potions of mutation
 n - 5 potions of attraction
 p - 19 potions of curing
 s - 7 potions of enlightenment
 t - 5 potions of lignification
 x - 5 potions of ambrosia
 z - 9 potions of heal wounds
 A - 3 potions of might
 C - 3 potions of berserk rage
 L - 8 potions of invisibility
Miscellaneous
 b - a phantom mirror
 r - a phial of floods
 M - a condenser vane
 Y - a box of beasts
 Z - a lightning rod (4/4)


   Skills:
 + Level 25.2 Fighting
 - Level 18.0 Axes
 * Level 11.4 Throwing
 + Level 21.2 Armour
 + Level 16.2 Dodging
 - Level 15.0 Shields
 - Level 1.5 Spellcasting
 - Level 3.0 Conjurations
 + Level 26.7 Invocations
 - Level 10.0 Evocations


You had 25 spell levels left.
You knew the following spells:

 Your Spells              Type           Power      Damage    Failure   Level
a - Kiss of Death         Conj/Necr      24%        2d7       88%         1
b - Momentum Strike       Conj/Tloc      12%        3d8       96%         2

Your spell library contained the following spells:

 Spells                   Type           Power      Damage    Failure   Level
 Searing Ray              Conj           20%        2d5       83%         2
 Shock                    Conj/Air       24%        1d4       88%         1
 Static Discharge         Conj/Air       12%        3-4/arc   96%         2
 Apportation              Tloc           2%         N/A       98%         1
 Freeze                   Ice            4%         1d3       98%         1
 Necrotise                Necr           4%         1d4       98%         1
 Slow                     Hex            4%         N/A       98%         1
 Summon Small Mammal      Summ           4%         N/A       98%         1
 Call Imp                 Summ           2%         N/A       99%         2
 Cigotuvi's Dreadful Rot  Necr/Alch/Air  2%         N/A       99%         2
 Ensorcelled Hibernation  Hex/Ice        2%         N/A       99%         2
 Jinxbite                 Hex            2%         N/A       99%         2
 Mercury Vapours          Alch/Air       2%         N/A       99%         2
 Sublimation of Blood     Necr           1%         N/A       99%         2
 Dazzling Flash           Conj/Hex       12%        N/A       99%         3
 Hailstorm                Conj/Ice       6%         3d5       99%         3
 Call Canine Familiar     Summ           1%         N/A       100%        3
 Confusing Touch          Hex            1%         N/A       100%        3
 Frozen Ramparts          Ice            2%         1d1       100%        3
 Fugue of the Fallen      Necr           1%         N/A       100%        3
 Inner Flame              Hex/Fire       1%         N/A       100%        3
 Mephitic Cloud           Conj/Alch/Air  4%         N/A       100%        3
 Ozocubu's Armour         Ice            1%         N/A       100%        3
 Sigil of Binding         Hex            1%         N/A       100%        3
 Summon Ice Beast         Ice/Summ       1%         N/A       100%        3
 Swiftness                Air            1%         N/A       100%        3
 Vampiric Draining        Necr           1%         2d6       100%        3
 Volatile Blastmotes      Fire/Tloc      2%         2d10      100%        3
 Airstrike                Air            0%         2d(1-17)  100%        4
 Anguish                  Hex/Necr       0%         N/A       100%        4
 Brom's Barrelling Bould  Conj/Erth      6%         2d3       100%        4
 Cause Fear               Hex            0%         N/A       100%        4
 Dimensional Bullseye     Hex/Tloc       0%         N/A       100%        4
 Dispel Undead            Necr           1%         3d6       100%        4
 Flame Wave               Conj/Fire      6%         2d5       100%        4
 Fulminant Prism          Conj/Alch      3%         3d5       100%        4
 Ignite Poison            Fire/Alch      1%         N/A       100%        4
 Iskenderun's Mystic Bla  Conj/Tloc      6%         2d4       100%        4
 Leda's Liquefaction      Alch/Erth      0%         N/A       100%        4
 Manifold Assault         Tloc           1%         N/A       100%        4
 Martyr's Knell           Necr/Summ      1%         N/A       100%        4
 Olgreb's Toxic Radiance  Alch           1%         N/A       100%        4
 Petrify                  Alch/Erth      1%         N/A       100%        4
 Sticky Flame             Fire/Alch      1%         2d4       100%        4
 Summon Blazeheart Golem  Fire/Summ      1%         N/A       100%        4
 Summon Lightning Spire   Summ/Air       1%         N/A       100%        4
 Curse of Agony           Necr           1%         N/A       100%        5
 Fireball                 Conj/Fire      3%         3d4       100%        5
 Freezing Cloud           Conj/Ice/Air   2%         6-21      100%        5
 Iskenderun's Battlesphe  Conj           10%        2d6       100%        5
 Metabolic Englaciation   Hex/Ice        0%         N/A       100%        5
 Silence                  Hex/Air        0%         N/A       100%        5
 Summon Mana Viper        Hex/Summ       1%         N/A       100%        5
 Yara's Violent Unravell  Hex/Alch       0%         3d3       100%        5
 Conjure Ball Lightning   Conj/Air       3%         3x3d6     100%        6
 Death Channel            Necr           0%         N/A       100%        6
 Plasma Beam              Fire/Air       0%         2x1d10    100%        6
 Sculpt Simulacrum        Ice/Alch       0%         N/A       100%        6
 Enfeeble                 Hex            0%         N/A       100%        7
 Malign Gateway           Summ/Tloc      0%         N/A       100%        7
 Monstrous Menagerie      Summ           0%         N/A       100%        7
 Orb of Destruction       Conj           5%         9d5       100%        7
 Ozocubu's Refrigeration  Ice            0%         4d7       100%        7
 Discord                  Hex            0%         N/A       100%        8
 Ignition                 Fire           0%         3d3       100%        8
 Infestation              Necr           0%         N/A       100%        8
 Summon Horrible Things   Summ           0%         N/A       100%        8
 Chain Lightning          Conj/Air       3%         3d4       100%        9
 Dragon's Call            Summ           0%         N/A       100%        9


Dungeon Overview and Level Annotations

Branches:
Dungeon (15/15)            Temple (0/1) D:6            Lair (5/5) D:10
  Swamp (4/4) Lair:3        Snake (4/4) Lair:3        Slime (0/5) Lair:5
    Orc (2/2) D:11            Elf (3/3) Orc:2        Vaults (5/5) D:14
  Crypt (0/3) Vaults:2     Depths (4/4) D:15            Zot (5/5) Depths:4
 Bailey (visited)           IceCv (visited)         Volcano (visited)
Desolation (visited)      Gauntlet (visited)

Altars:
Dithmenos
Elyvilon
Fedhas
Kikubaaqudgha
Makhleb
Qazlal
Sif Muna
Trog
Vehumet
Yredelemnul
Zin
The Shining One
Beogh
Jiyva

Shops:
D:2 (   D:11 [   Orc:1 [(   Orc:2 *:[(   Elf:1 *(?(   Elf:2 :==   Snake:3 :[[
Vaults:1 ?[[(   Vaults:3 [   Vaults:4 :!*(   Depths:2 =

Portals:
Hell: Depths:1 Depths:2 Depths:3 Depths:4
Abyss: Depths:3 Depths:4
Pandemonium: Depths:2
Ziggurat: Depths:1
Trove: Elf:1 (give 8 potions of haste)

Annotations:
Depths:3 1 exclusion
Zot:5 exclusion: door


Innate Abilities, Weirdness & Mutations

You can walk on water.
You possess an exceptional clarity of mind.
Your body often deteriorates upon taking damage.
You have hidden genetic potential.
You are vulnerable to cold. (rC-)
You occasionally lose the ability to drink potions when taking damage.


Message History

You block the Orb Guardian's attack.
You slash the Orb Guardian!
The Orb Guardian is almost dead.
You block the Orb Guardian's attack.
You miss the Orb Guardian.
The Orb Guardian is almost dead.
The Orb Guardian hits you.
You slash the Orb Guardian!
Lightning courses through the Orb Guardian!
You kill the Orb Guardian!
Beogh accepts your kill.
No target in view!
No target in view!
What level of the Dungeon? (default 1, ? - help)
There is a stone staircase leading up, spattered with blood here.
You climb upwards.
There is a stone staircase leading down here.
There is a stone staircase leading up here.
You climb upwards.
There is a stone staircase leading down here.
Magic restored.
HP restored.
There is a stone staircase leading up here.
You climb upwards.
There is a stone staircase leading down here.
There is a stone staircase leading up here.
You climb upwards.
There is a stone staircase leading down here.
There is a stone staircase leading up here.
You climb upwards.
There is a stone staircase leading down here.
There is a stone staircase leading up here.
You climb upwards.
There is a stone staircase leading down here.
What level of the Dungeon? (default 1, ? - help)
There is a stone staircase leading down here.
A chaos spawn comes into view.
The chaos spawn moves out of view.
There is a staircase leading out of the dungeon here.
You have escaped!

....##.#.##.....................#
....####........................#
...## #..#......................
##.# #..#......§§..............
##.# #......P..P§§.........)...
#..## ##.#..§≈≈≈§≈§P..P.........
##..## #.#......§§§≈≈≈≈§.P..P...
#..#.####.#.............§≈≈≈≈≈≈..
..###..##.......@.......§§......#
#..#..#...#.............§≈§≈≈§§.#
##...######........≈§≈≈≈§.P§.P...
#..#..#.# #..§≈≈≈≈≈.P..P.........
..###...###...P..P...............
#..#..#.#........................
##...####.#.....................†
#..#..#.#.#.....................#
..###..##.#.....................#


There were no monsters in sight!

Vanquished Creatures
  3 orbs of fire
  3 dread liches
  4 ancient liches (Zot:5)
  Mara (Swamp:3)
  The ghost of xzight the Conqueror, a legendary MiBe of Trog (Depths:3)
  Vv (Depths:3)
  Bai Suzhen (Swamp:3)
  2 Killer Klowns (Zot:5)
  the Lernaean hydra (Swamp:4)
  Vashnia (Snake:2)
  A curse toe (Zot:4)
  Norris (Vaults:4)
  8 golden dragons
  2 bone dragons
  A Brimstone Fiend (D:13)
  12 tentacled monstrosities
  2 electric golems
  Mlioglotl (Snake:3)
  27 Orb Guardians
  9 liches
  4 quicksilver dragons
  2 walking divine tomes
  2 titans
  A deep elf blademaster (Elf:3)
  Asterion (Depths:2)
  8 death cobs
  An ancient champion (Depths:2)
  A sphinx (Vaults:3)
  The ghost of Goqemeh the Executioner, an adept MiBe of Trog (Elf:2)
  2 tengu reavers
  12 shadow dragons
  12 storm dragons
  A nagaraja (Snake:4)
  6 fire giants
  2 protean progenitors (Zot:2)
  3 draconian knights
  4 emperor scorpions (Depths:3)
  A draconian monk (Zot:4)
  4 draconian scorchers
  9 frost giants
  A fenstrider witch (Swamp:4)
  2 iron dragons
  2 draconian shifters
  A balrug (Depths:2)
  4 deep elf sorcerers
  4 ghost moths
  5 vault wardens
  2 imperial myrmidons (Desolation)
  2 deep elf elementalists (Elf:3)
  A ghoul (Swamp:2)
  The ghost of littlecub the Fighter, a journeyman DsGl of Hepliaklqana (Snake:1)
  4 draconian stormcallers
  11 ironbound preservers
  10 very ugly things
  2 draconian annihilators
  4 ironbound thunderhulks
  A formless jellyfish (Vaults:1)
  A spriggan defender (Swamp:2)
  2 deep elf demonologists
  4 deep elf death magi
  10 stone giants
  9 green draconians
  2 eleionomae (Swamp:2)
  9 black draconians
  4 war gargoyles
  10 deep elf annihilators
  17 purple draconians
  7 white draconians
  6 dire elephants
  2 bunyips (Swamp:4)
  Azrael (Elf:1)
  3 spark wasps
  8 red draconians
  9 yellow draconians
  A minotaur (Gauntlet)
  A halazid warlock (Desolation)
  The ghost of PaiMei the Lord of Darkness, a journeyman DsNe of Kikubaaqudgha (Lair:3)
  8 ettins
  A crystal guardian (Desolation)
  2 green deaths (Depths:3)
  2 entropy weavers (Vaults:2)
  12 fire dragons
  2 jiangshi (Depths:1)
  4 ragged hierophants (Desolation)
  2 servants of whispers (Desolation)
  4 deep elf high priests
  A great orb of eyes (Vaults:2)
  13 vault guards
  8 yaktaur captains
  A hell beast (Depths:2)
  11 hydras
  6 ice dragons
  7 peacekeepers (Desolation)
  2 salamander tyrants
  2 ogre magi
  A caustic shrike simulacrum (IceCv)
  2 ghost crabs
  A rakshasa (Depths:3)
  5 ironbound frosthearts
  5 spriggan air magi
  2 alligators
  3 anacondas
  6 centaur warriors (Vaults:1)
  3 boulder beetles
  2 radroaches (Zot:2)
  2 two-headed ogres
  9 dancing weapons
  3 deep troll shamans (Depths:4)
  7 naga warriors
  6 tengu warriors
  6 deep troll earth magi
  A demonic crawler (Zot:3)
  A death yak (Lair:1)
  3 vampire magi
  4 hell hogs
  8 naga sharpshooters
  4 spriggan berserkers
  5 occultists
  2 orc high priests
  8 spriggans
  2 shock serpents (Snake:2)
  5 hell knights (Depths:2)
  Sonja (Lair:5)
  10 deep elf knights
  4 fire crabs (Volcano)
  2 death drakes (Depths:2)
  5 iron trolls
  A goliath frog (Swamp:4)
  45 deep trolls
  4 salamander mystics
  A sixfirhy (Gauntlet)
  2 glowing orange brains
  2 skysharks (Vaults:4)
  A spriggan druid (Swamp:4)
  7 mana vipers
  3 naga ritualists
  A shadow demon (Depths:2)
  6 arcanists
  3 flayed ghosts
  3 bog bodies
  4 spriggan simulacra (IceCv)
  13 swamp dragons
  3 deep elf archers (Elf:1)
  10 lindwurms
  3 necromancers
  14 ironbound convokers
  19 deep elf zephyrmancers
  6 orc knights
  15 deep elf pyromancers
  2 harpies (Vaults:4)
  A phantasmal warrior (Vaults:5)
  29 ugly things
  12 salamanders
  A faun (shapeshifter) (Depths:1)
  4 orc sorcerers
  3 will-o-the-wisps
  A manticore (D:15)
  3 wolf spiders (Depths:3)
  5 elephants
  2 kobold blastminers
  22 moths of wrath
  4 guardian serpents
  8 vault sentinels
  7 naga magi
  2 rust devils
  10 black mambas
  A cane toad (Lair:1)
  Maggie (D:7)
  A kobold demonologist (D:11)
  2 unseen horrors
  A komodo dragon (Lair:1)
  5 rime drakes
  An unseen horror zombie (D:9)
  21 yaktaurs
  2 tengu conjurers
  19 freezing wraiths
  An ice devil (IceCv)
  A golden dragon simulacrum (IceCv)
  A polar bear (Lair:3)
  2 bloated husks
  7 trolls
  5 tyrant leeches
  2 alligator simulacra (IceCv)
  3 tarantellas (Depths:3)
  6 hornets
  3 glass eyes (Zot:2)
  7 blink frogs
  A jumping spider (Depths:3)
  50 saltlings (Desolation)
  Grinder (D:4)
  28 slime creatures
  A culicivora (Vaults:2)
  2 air elementals
  A spriggan (shapeshifter) (D:10)
  A ynoxinul (Gauntlet)
  A wyvern (D:8)
  A shadow (D:10)
  5 fire elementals
  3 water elementals
  A vampire (D:10)
  4 wraiths
  3 dire elephant simulacra (IceCv)
  9 fire bats
  4 basilisks
  18 yaks
  The ghost of SuperJoe the Trooper, an amateur DjCK of Xom (D:4)
  3 redbacks (Vaults:2)
  10 steam dragons
  4 harpy simulacra (IceCv)
  13 vampire mosquitoes
  An acid dragon (Lair:5)
  21 nagas
  9 swamp worms
  2 water moccasins
  7 hell hounds
  A hydra simulacrum (IceCv)
  11 swamp drakes
  A sky beast (D:7)
  12 orc warriors
  A laughing skull (D:13)
  2 black bears
  An ice beast (D:5)
  4 wolves (Lair:1)
  5 ogres
  6 boggarts
  3 centaurs
  A human skeleton (Vaults:5)
  2 phantoms
  2 kobold brigands (D:6)
  A wyvern zombie (D:9)
  6 bullfrogs
  A deep troll simulacrum (IceCv)
  An earth elemental (Elf:2)
  3 scorpions
  8 wights
  16 killer bees
  3 lindwurm simulacra (IceCv)
  3 howler monkeys
  3 lava snakes (Lair:3)
  3 bombardier beetles
  A human zombie (D:9)
  3 jellies
  2 iron imps (Gauntlet)
  6 orc priests
  A gnoll bouda (D:7)
  3 hounds
  4 sleepcaps
  11 orc wizards
  7 iguanas
  A centaur simulacrum (D:10)
  A mummy (D:9)
  3 adders
  8 gnolls
  A shadow imp (D:7)
  3 white imps
  4 ufetubi
  5 dart slugs
  5 ribbon worms
  31 orcs
  3 bats
  10 endoplasms
  2 giant cockroaches
  10 goblins
  4 hobgoblins
  18 kobolds
  5 quokkas
  3 training dummies (Orc:1)
  7 ball pythons
  4 frilled lizards
  6 rats
1390 creatures vanquished.

Vanquished Creatures (collateral kills)
  A dread lich (Zot:5)
  2 orbs of fire (Zot:5)
  An ancient lich (Zot:5)
  A golden dragon (Zot:4)
  2 electric golems (Zot:5)
  Rupert (D:13)
  A tentacled monstrosity (Vaults:5)
  A Hell Sentinel (D:13)
  Jorgrun (Orc:2)
  2 titans (Vaults:5)
  A deep elf blademaster (Elf:3)
  2 quicksilver dragons
  2 deep elf master archers (Elf:3)
  A sphinx (Vaults:4)
  An Executioner (Zot:5)
  Frances (D:12)
  Roxanne (Swamp:2)
  A shadow dragon (Vaults:5)
  3 storm dragons
  5 tengu reavers
  The ghost of ojifijod the Wrestler, an adept DrFi of Okawaru (Swamp:2)
  3 nagarajas (Snake:4)
  Donald (Swamp:3)
  2 iron dragons (Vaults:5)
  2 fire giants
  A frost giant (Vaults:5)
  4 deep elf sorcerers
  A draconian scorcher (Zot:2)
  A deep elf elementalist (Elf:3)
  13 vault wardens
  10 ironbound preservers
  4 ironbound thunderhulks
  A ghoul (Swamp:2)
  2 very ugly things
  6 stone giants
  2 formless jellyfish
  3 deep elf death magi
  A bunyip (Swamp:1)
  A black draconian (Zot:4)
  A deep elf demonologist (Elf:3)
  5 war gargoyles
  2 dire elephants (Vaults:2)
  4 deep elf annihilators
  A green death (Depths:3)
  5 ettins
  Josephine (D:11)
  A ragged hierophant (Desolation)
  A jiangshi (Depths:1)
  A deep elf high priest (Elf:3)
  A fire dragon (Lair:5)
  A shambling mangrove (Swamp:2)
  A salamander tyrant (Snake:2)
  26 vault guards
  12 hydras
  4 peacekeepers
  7 yaktaur captains
  A rakshasa (D:10)
  An ice dragon (Depths:1)
  An ogre mage (Vaults:4)
  2 spriggan air magi
  2 alligators (Swamp:1)
  A caustic shrike simulacrum (IceCv)
  2 ironbound frosthearts (Vaults:4)
  6 anacondas
  5 centaur warriors
  21 dancing weapons
  2 two-headed ogres
  5 death yaks (Lair:1)
  3 boulder beetles
  2 tengu warriors
  2 deep troll earth magi
  9 naga warriors
  An orc high priest (Orc:2)
  6 shock serpents
  3 spriggan berserkers
  14 naga sharpshooters
  An occultist (Depths:1)
  12 spriggans
  4 deep elf knights
  An iron troll (Depths:3)
  4 salamander mystics
  3 skysharks
  2 glowing orange brains
  A spriggan druid (Swamp:3)
  2 goliath frogs
  A sea snake (shapeshifter) (Vaults:4)
  A swamp dragon (Lair:5)
  16 deep trolls
  5 naga ritualists
  2 bog bodies
  7 mana vipers
  A shadow dragon zombie (Vaults:5)
  2 arcanists (Vaults:4)
  An obsidian statue (IceCv)
  7 orc knights
  8 deep elf archers
  4 phantasmal warriors (Vaults:5)
  8 ironbound convokers
  6 lindwurms
  16 deep elf zephyrmancers
  3 necromancers
  16 deep elf pyromancers
  2 harpies (Vaults:4)
  16 ugly things
  3 manticores
  An oklob plant (Lair:1)
  5 orc sorcerers
  A fire giant zombie (Vaults:5)
  3 cyclopes
  2 moths of wrath
  16 salamanders
  A will-o-the-wisp (Swamp:2)
  An elephant (Lair:3)
  An ice statue (Snake:4)
  3 guardian serpents
  15 naga magi
  A gargoyle (D:12)
  9 vault sentinels
  A kobold blastminer (Orc:1)
  18 black mambas
  An unseen horror zombie (D:9)
  4 cane toads
  A kobold demonologist (D:11)
  4 rime drakes
  7 komodo dragons
  9 yaktaurs
  2 freezing wraiths
  Psyche (D:12)
  A golden dragon simulacrum (IceCv)
  An anaconda simulacrum (IceCv)
  An efreet (D:14)
  2 polar bears (Lair:2)
  A queen bee (D:11)
  A hornet (shapeshifter) (D:14)
  A polar bear (shapeshifter) (Depths:2)
  15 blink frogs
  14 hornets
  A bloated husk (Swamp:3)
  2 tarantellas (Depths:3)
  6 tyrant leeches
  16 saltlings (Desolation)
  2 dire elephant simulacra (IceCv)
  An air elemental (Elf:3)
  2 shadows
  15 slime creatures
  2 wyverns
  4 fire elementals
  11 yaks
  An unseen horror simulacrum (D:10)
  6 wraiths
  3 basilisks (Lair:5)
  A steam dragon (Lair:5)
  13 vampire mosquitoes
  2 acid dragons
  27 nagas
  3 swamp worms
  8 water moccasins
  15 orc warriors
  A swamp drake (Lair:5)
  A laughing skull (D:13)
  4 ogres
  2 boggarts (Vaults:1)
  6 wolves (Lair:1)
  5 centaurs
  2 kobold brigands (D:10)
  3 bullfrogs
  3 necrophages
  A gnoll sergeant (D:10)
  An earth elemental (Elf:3)
  6 wights
  A lindwurm simulacrum (IceCv)
  16 killer bees
  2 howler monkeys
  An electric eel (Lair:5)
  5 jellies
  2 centaur zombies (D:9)
  3 orc priests
  6 iguanas (Lair:5)
  3 orc wizards
  A killer bee zombie (D:9)
  2 gnolls (D:10)
  14 orcs
  A kobold (D:11)
  2 butterflies (Lair:2)
  A spectral weapon (Depths:2)
788 creatures vanquished.

Vanquished Creatures (others)
  5 orc warlords
  A very ugly thing (Depths:2)
  A deep elf high priest (Vaults:5)
  A peacekeeper (Desolation)
  22 orc knights
  An orc high priest (Elf:3)
  2 deep elf knights (Elf:2)
  A deep elf zephyrmancer (Elf:1)
  3 orc sorcerers
  A glass eye (Depths:1)
  28 orc warriors
  A boggart (Vaults:1)
  22 orc priests
  25 orc wizards
  38 orcs
  A goblin (D:9)
  12 foxfires
  A spectral weapon (Zot:4)
166 creatures vanquished.

Grand Total: 2344 creatures vanquished

Notes
Turn   | Place    | Note
-------+----------+-------------------------------------------
     0 | D:1      | Daunt the Hill Orc Reaver began the quest for the Orb.
     0 | D:1      | Reached XP level 1. HP: 18/18 MP: 3/3
   100 | D:1      | Reached XP level 2. HP: 26/26 MP: 4/4
   783 | D:2      | Reached XP level 3. HP: 32/33 MP: 5/5
  1134 | D:2      | Reached skill level 5 in Fighting
  1149 | D:2      | Reached XP level 4. HP: 42/42 MP: 6/6
  1177 | D:2      | Found Mirghumargh's Weapon Shop.
  2103 | D:3      | Found a white marble altar of Elyvilon.
  2103 | D:3      | Found a burning altar of Makhleb.
  2192 | D:3      | Became a worshipper of Beogh the Brigand
  2236 | D:2      | HP: 2/42 [orc wizard/+0 dagger (1)]
  2421 | D:3      | Reached XP level 5. HP: 50/50 MP: 7/7
  2584 | D:4      | Found a runed translucent door.
  2584 | D:4      | Noticed SuperJoe's ghost (amateur DjCK)
  2634 | D:4      | Reached skill level 5 in Axes
  2869 | D:4      | Found a glowing silver altar of Zin.
  2879 | D:4      | Noticed Grinder
  2879 | D:4      | Paralysed by Grinder for 2 turns
  2898 | D:4      | Reached * piety under Beogh
  2898 | D:4      | Paralysed by Grinder for 4 turns
  2908 | D:4      | Paralysed by Grinder for 5 turns
  2918 | D:4      | Paralysed by Grinder for 2 turns
  2922 | D:4      | Paralysed by Grinder for 3 turns
  2925 | D:4      | Killed Grinder
  2926 | D:4      | Reached XP level 6. HP: 9/60 MP: 8/8
  3100 | D:4      | Found an ancient bone altar of Kikubaaqudgha.
  3472 | D:5      | Entered Level 5 of the Dungeon
  3542 | D:5      | Reached XP level 7. HP: 20/66 MP: 9/9
  3725 | D:5      | Learned a level 2 spell: Momentum Strike
  4283 | D:5      | Reached XP level 8. HP: 69/73 MP: 10/10
  4440 | D:5      | Reached skill level 10 in Axes
  5059 | D:6      | Found a staircase to the Ecumenical Temple.
  5302 | D:6      | Reached ** piety under Beogh
  5664 | D:7      | Noticed Maggie
  5697 | D:7      | Killed Maggie
  5698 | D:7      | Reached XP level 9. HP: 16/79 MP: 11/11
  6166 | D:7      | Found a blossoming altar of Fedhas.
  6166 | D:7      | Found a glowing golden altar of the Shining One.
  6233 | D:7      | Reached skill level 15 in Axes
  6586 | D:7      | Found a shimmering blue altar of Sif Muna.
  6599 | D:7      | Got Sif Muna's Anthology of the Kinetic Geodesic
  6604 | D:7      | Found a bloodstained altar of Trog.
  6811 | D:8      | Reached skill level 1 in Armour
  6850 | D:8      | Reached skill level 1 in Throwing
  6850 | D:8      | Reached XP level 10. HP: 82/86 MP: 12/12
  6870 | D:8      | Reached *** piety under Beogh
  7158 | D:8      | Paralysed by a hornet for 3 turns
  8520 | D:9      | Found a flagged portal.
  8548 | D:9      | Reached **** piety under Beogh
  8578 | Bailey   | Entered a bailey
  8660 | Bailey   | Noticed an orc knight
  8663 | Bailey   | Noticed an orc knight
  8671 | Bailey   | Killed an orc knight
  8672 | Bailey   | Reached XP level 11. HP: 85/97 MP: 13/13
  8679 | Bailey   | Reached skill level 5 in Armour
  8696 | Bailey   | Killed an orc knight
  8696 | Bailey   | Gained Bogward as an ally
  8863 | D:9      | Noticed a two-headed ogre
  8871 | D:9      | Killed a two-headed ogre
  9434 | D:9      | Reached skill level 10 in Fighting
  9444 | D:9      | Reached skill level 5 in Throwing
  9459 | D:9      | Found a basalt altar of Yredelemnul.
  9504 | D:10     | Entered Level 10 of the Dungeon
  9712 | D:10     | Reached ***** piety under Beogh
  9713 | D:10     | Noticed a two-headed ogre
  9727 | D:10     | Gained Morguth as an ally
  9729 | D:10     | Killed a two-headed ogre
  9943 | D:10     | Noticed a tengu warrior
  9943 | D:10     | Noticed a centaur warrior
  9954 | D:10     | Killed a tengu warrior
  9959 | D:10     | Killed a centaur warrior
  9960 | D:10     | Noticed a rakshasa
  9968 | D:10     | Killed a rakshasa
 10101 | D:10     | Found a staircase to the Lair.
 10720 | D:10     | Noticed a manticore
 10728 | D:10     | Killed a manticore
 10745 | D:10     | Noticed a four-headed hydra
 10752 | D:10     | Killed a six-headed hydra
 10753 | D:10     | Reached XP level 12. HP: 69/113 MP: 14/14
 10887 | Lair:1   | Entered Level 1 of the Lair of Beasts
 11542 | Lair:1   | Found a transporter.
 11545 | Lair:1   | Found a transporter.
 11666 | Lair:1   | Reached skill level 1 in Invocations
 11691 | Lair:1   | Reached skill level 2 in Invocations
 12011 | Lair:1   | Reached skill level 3 in Invocations
 12042 | Lair:1   | Reached skill level 4 in Invocations
 12087 | Lair:1   | Noticed a death yak
 12090 | Lair:1   | Noticed a death yak
 12090 | Lair:1   | Noticed a death yak
 12090 | Lair:1   | Noticed a death yak
 12091 | Lair:1   | Noticed a death yak
 12092 | Lair:1   | Noticed a death yak
 12095 | Lair:1   | Killed a death yak
 12096 | Lair:1   | Reached skill level 5 in Invocations
 12099 | Lair:1   | Killed a death yak
 12101 | Lair:1   | Killed a death yak
 12102 | Lair:1   | Reached skill level 6 in Invocations
 12104 | Lair:1   | Killed a death yak
 12105 | Lair:1   | Reached skill level 7 in Invocations
 12106 | Lair:1   | Killed a death yak
 12106 | Lair:1   | Gained Hawl as an ally
 12106 | Lair:1   | Killed a death yak
 12428 | Lair:1   | Noticed a boulder beetle
 12687 | Lair:2   | You fall into a shaft and drop 1 floor!
 12742 | Lair:2   | Reached skill level 8 in Invocations
 12958 | Lair:2   | Reached skill level 9 in Invocations
 12996 | Lair:2   | Killed a skyshark
 13036 | Lair:2   | Reached skill level 10 in Invocations
 13297 | Lair:2   | Noticed a four-headed hydra
 13306 | Lair:2   | Reached skill level 11 in Invocations
 13306 | Lair:2   | Killed a four-headed hydra
 13307 | Lair:2   | Reached XP level 13. HP: 99/124 MP: 21/21
 13859 | Lair:3   | Found a staircase to the Swamp.
 14239 | Lair:3   | Found a runed translucent door.
 14245 | Lair:3   | Noticed PaiMei's ghost (journeyman DsNe)
 14467 | Lair:3   | Found a staircase to the Snake Pit.
 14707 | Lair:3   | Reached skill level 12 in Invocations
 15263 | Lair:4   | Gained Borgun as an ally
 15295 | Lair:4   | Reached skill level 13 in Invocations
 15954 | Lair:5   | Entered Level 5 of the Lair of Beasts
 15986 | Lair:5   | Reached skill level 1 in Shields
 15989 | Lair:5   | Reached skill level 1 in Evocations
 15990 | Lair:5   | Reached ****** piety under Beogh
 15992 | Lair:5   | Identified the +5 pair of boots of the Robin {rPois}
 16260 | Lair:5   | Found a viscous altar of Jiyva.
 16548 | Lair:5   | Noticed Sonja
 16551 | Lair:5   | Killed Sonja
 16651 | Lair:5   | Gained Boruk as an ally
 16705 | Lair:5   | Noticed a fire dragon
 16716 | Lair:5   | Killed a fire dragon
 16716 | Lair:5   | Gained Dorog as an ally
 16763 | Lair:5   | Your ally Hawl died
 16791 | Lair:5   | Identified the +2 helmet of Complete Protection {*Slow rC+
                  | Str-2 Int+8}
 16925 | Lair:5   | Found a staircase to the Slime Pits.
 17746 | D:4      | Killed SuperJoe's ghost
 18078 | D:11     | Noticed Josephine
 18084 | D:11     | Killed Josephine
 18120 | D:11     | Gained Koronagh as an ally
 18123 | D:11     | Gained Boruk as an ally
 18280 | D:11     | Found Giesexuu's Armour Emporium.
 18289 | D:11     | Found a staircase to the Orcish Mines.
 18309 | D:11     | Bought the +2 shield of Resistance {rF++ rC++ Will++} for
                  | 916 gold pieces
 18309 | D:11     | Found the +2 shield of Resistance {rF++ rC++ Will++}
 18568 | D:11     | Gained Bladwarg as an ally
 18961 | D:12     | Gained Borgoth as an ally
 19005 | D:12     | Your ally Bladwarg died
 19009 | D:12     | Your ally Borgoth died
 19147 | D:12     | Found a viscous altar of Jiyva.
 19158 | D:12     | Noticed Psyche
 19165 | D:12     | Killed Psyche
 19166 | D:12     | Reached skill level 5 in Shields
 19166 | D:12     | Noticed Frances
 19177 | D:12     | Killed Frances
 19239 | D:12     | Reached skill level 5 in Evocations
 19311 | D:12     | Reached XP level 14. HP: 133/133 MP: 24/24
 20818 | D:13     | Noticed Rupert
 20825 | D:13     | Killed Rupert
 21185 | D:14     | You fall into a shaft and drop 1 floor!
 21185 | D:15     | Entered Level 15 of the Dungeon
 21246 | D:15     | Found a staircase to the Depths.
 21246 | D:15     | Noticed a stone giant
 21267 | D:15     | Found a gate leading to a gauntlet.
 21287 | Gauntlet | Entered a Gauntlet
 21287 | Gauntlet | Found a runed translucent door.
 21287 | Gauntlet | Found a transporter.
 21287 | Gauntlet | Found a runed translucent door.
 21287 | Gauntlet | Found a transporter.
 21298 | Gauntlet | Found a transporter.
 21301 | Gauntlet | Found a transporter.
 21309 | Gauntlet | Found a transporter.
 21312 | Gauntlet | Found a transporter.
 21320 | Gauntlet | Found a transporter.
 21334 | Gauntlet | Noticed a dire elephant
 21338 | Gauntlet | Found a transporter.
 21355 | Gauntlet | Found a transporter.
 21358 | Gauntlet | Found a transporter.
 21368 | Gauntlet | Found a transporter.
 21371 | Gauntlet | Found a transporter.
 21495 | Gauntlet | Killed a dire elephant
 21522 | Gauntlet | Identified the +0 pair of boots of Ywuxyre {rElec rN+
                  | Str-4}
 21559 | Gauntlet | Identified the +5 plate armour of Qitwa {rPois Will+
                  | Regen+}
 21582 | Gauntlet | Reached skill level 10 in Shields
 21877 | D:15     | Gained Blodwig as an ally
 21909 | D:14     | Gained Argrim as an ally
 21934 | D:14     | Found a gate to the Vaults.
 21957 | D:14     | Your ally Argrim died
 22041 | D:14     | Identified the +1 pair of boots "Faloeteo" {rC+}
 22920 | D:15     | Killed a stone giant
 23744 | Snake:1  | Entered Level 1 of the Snake Pit
 23849 | Snake:1  | Found a large runed translucent door.
 23849 | Snake:1  | Found a large runed translucent door.
 23850 | Snake:1  | Noticed littlecub's ghost (journeyman DsGl)
 23891 | Snake:1  | You fall into a shaft and drop 1 floor!
 23908 | Snake:2  | Your ally Boruk died
 24003 | Snake:1  | Reached XP level 15. HP: 139/139 MP: 25/25
 24280 | Orc:1    | Entered Level 1 of the Orcish Mines
 24373 | Orc:1    | Found Loettica's Firing Range.
 24413 | Orc:1    | Gained Hawl as an ally
 24525 | Orc:1    | Found a roughly hewn altar of Beogh.
 24655 | Orc:2    | Entered Level 2 of the Orcish Mines
 24655 | Orc:2    | Found Waisog's Antique Weapon Shop.
 24667 | Orc:2    | Noticed an orc warlord
 24671 | Orc:2    | Found Zituext's Antique Armour Emporium.
 24737 | Orc:2    | Found a dark tunnel.
 24778 | Volcano  | Entered a volcano
 24793 | Volcano  | Found a large runed translucent door.
 24796 | Volcano  | Found a large runed translucent door.
 24823 | Volcano  | Gained Warrok as an ally
 24832 | Volcano  | Found a large runed translucent door.
 24833 | Volcano  | Found a large runed translucent door.
 24865 | Volcano  | Found a large runed translucent door.
 24865 | Volcano  | Found a large runed translucent door.
 24902 | Volcano  | Found a large runed translucent door.
 24902 | Volcano  | Found a large runed translucent door.
 24905 | Volcano  | Found a large runed translucent door.
 24905 | Volcano  | Found a large runed translucent door.
 24912 | Volcano  | Your ally Warrok died
 24916 | Volcano  | Gained Olfik as an ally
 24983 | Volcano  | Found a large runed translucent door.
 24984 | Volcano  | Found a large runed translucent door.
 25007 | Volcano  | Your ally Olfik died
 25029 | Volcano  | Found a large runed translucent door.
 25039 | Volcano  | Found a large runed translucent door.
 25050 | Volcano  | Found a large runed translucent door.
 25057 | Volcano  | Found a large runed translucent door.
 25073 | Volcano  | Found a large runed translucent door.
 25073 | Volcano  | Found a large runed translucent door.
 25120 | Volcano  | Gained Morguth as an ally
 25120 | Volcano  | Gained Orbeogh as an ally
 25121 | Volcano  | Your ally Morguth died
 25121 | Volcano  | Your ally Orbeogh died
 25150 | Volcano  | Gained Bolgrim as an ally
 25325 | Orc:2    | Noticed Jorgrun
 25334 | Orc:2    | Killed Jorgrun
 25357 | Orc:2    | Found a staircase to the Elven Halls.
 25477 | Orc:2    | Found Athel's General Store.
 25524 | Orc:2    | Found Igineibre's Book Shop.
 26283 | Snake:1  | Gained Syrus as an ally
 26602 | Snake:1  | Killed littlecub's ghost
 26691 | Snake:2  | Reached skill level 14 in Invocations
 26798 | Snake:2  | Noticed Saint Roka
 26798 | Snake:2  | Noticed Vashnia
 26807 | Snake:2  | Reached skill level 15 in Shields
 26822 | Snake:2  | Killed Vashnia
 26827 | Snake:2  | Your ally Hawl died
 26831 | Snake:2  | Your ally Blodwig died
 26840 | Snake:2  | Your ally Argrim died
 26848 | Snake:2  | Reached skill level 15 in Invocations
 27180 | Snake:2  | Your ally Bolgrim died
 27320 | Snake:2  | Gained Morguth as an ally
 27597 | Snake:2  | Reached XP level 16. HP: 146/147 MP: 27/27
 27736 | Snake:3  | Noticed Mlioglotl
 27738 | Snake:3  | Reached skill level 15 in Fighting
 27741 | Snake:3  | Gained Bogward as an ally
 27745 | Snake:3  | Gained mutation: You occasionally lose the ability to read
                  | scrolls when taking damage. [a cacodemon]
 27747 | Snake:3  | Killed Mlioglotl
 27914 | Snake:3  | Identified the +7 spear of the People {elec, ^Fragile Int+5
                  | SInv}
 27977 | Snake:3  | Found Hiki's Antique Armour Shop.
 27980 | Snake:3  | Found Heddil's Armour Boutique.
 27982 | Snake:3  | Found Zomemerphing's Book Shop.
 28017 | Snake:3  | Reached skill level 5 in Dodging
 28020 | Snake:3  | Gained Morbeogh as an ally
 28420 | Snake:3  | Bought a glowing cloak for 285 gold pieces
 28459 | Snake:4  | Entered Level 4 of the Snake Pit
 28534 | Snake:4  | Found a glacial archway.
 28563 | IceCv    | Entered an ice cave
 28607 | IceCv    | Gained Nordag as an ally
 28616 | IceCv    | Reached skill level 16 in Invocations
 28738 | IceCv    | Found an ancient bone altar of Kikubaaqudgha.
 28893 | IceCv    | Noticed a lich
 28904 | IceCv    | Killed a lich
 28926 | IceCv    | Got the Thoughts on the Rotting Icicle
 29233 | Snake:4  | Reached skill level 10 in Armour
 29370 | Snake:4  | Reached XP level 17. HP: 126/158 MP: 2/29
 29402 | Snake:4  | Your ally Bogward died
 29403 | Snake:4  | Your ally Dorog died
 29403 | Snake:4  | Your ally Bogward died
 29404 | Snake:4  | Your ally Nordag died
 29406 | Snake:4  | Your ally Koronagh died
 29406 | Snake:4  | Your ally Boruk died
 29406 | Snake:4  | Your ally Borgun died
 29406 | Snake:4  | Your ally Morguth died
 29406 | Snake:4  | Your ally Syrus died
 29608 | Snake:4  | Got a serpentine rune of Zot
 30405 | Swamp:1  | Entered Level 1 of the Swamp
 30623 | Swamp:1  | Reached skill level 17 in Invocations
 31170 | Swamp:2  | Found a bloodstained altar of Trog.
 31170 | Swamp:2  | Noticed ojifijod's ghost (adept DrFi)
 31190 | Swamp:2  | Found a transporter.
 31193 | Swamp:2  | Found a transporter.
 31327 | Swamp:2  | Noticed Roxanne
 31340 | Swamp:2  | Killed Roxanne
 31558 | Swamp:3  | Noticed Mara
 31559 | Swamp:3  | Noticed Daunt's illusion
 31563 | Swamp:3  | Killed Mara
 31568 | Swamp:3  | Noticed Bai Suzhen
 31824 | Swamp:3  | Noticed Donald
 31836 | Swamp:3  | Killed Donald
 31881 | Swamp:3  | Killed Bai Suzhen
 31922 | Swamp:3  | Found a stormy altar of Qazlal.
 32151 | Swamp:2  | Killed ojifijod's ghost
 32156 | Swamp:2  | Reached XP level 18. HP: 160/168 MP: 30/30
 32487 | Swamp:4  | Entered Level 4 of the Swamp
 33308 | Swamp:4  | Reached skill level 18 in Invocations
 33334 | Swamp:4  | Noticed the 27-headed Lernaean hydra
 33346 | Swamp:4  | Killed the 26-headed Lernaean hydra
 33469 | Swamp:4  | Got a decaying rune of Zot
 33800 | Lair:3   | Killed PaiMei's ghost
 33809 | Lair:3   | Got the Omnibus of the Escort
 34067 | Vaults:1 | Entered Level 1 of the Vaults
 34410 | Vaults:1 | Found Ilaen's Antique Armour Emporium.
 34411 | Vaults:1 | Found Roid's Antique Armour Boutique.
 34463 | Vaults:1 | Gained Marbork as an ally
 34690 | Vaults:1 | Found Vuolicon's Weapon Shop.
 34887 | Vaults:1 | Your ally Marbork died
 34982 | Vaults:1 | Reached skill level 10 in Throwing
 35014 | Vaults:1 | Reached XP level 19. HP: 160/179 MP: 32/32
 35324 | Vaults:1 | Found Dycyipt's Magic Scroll Shoppe.
 35332 | Vaults:1 | Bought a scroll of acquirement for 728 gold pieces
 35332 | Vaults:1 | Bought a scroll of blinking for 105 gold pieces
 35675 | Vaults:2 | Reached skill level 19 in Invocations
 35799 | Vaults:2 | Found a staircase to the Crypt.
 35876 | Vaults:2 | Gained Oruk as an ally
 36740 | Vaults:2 | Your ally Oruk died
 38122 | Vaults:3 | Found Faibuohua's Armour Emporium.
 38351 | Vaults:3 | Gained Koronagh as an ally
 38354 | Vaults:3 | Reached skill level 10 in Dodging
 39302 | Vaults:4 | Reached skill level 20 in Invocations
 39465 | Vaults:4 | Reached XP level 20. HP: 177/191 MP: 34/34
 39508 | Vaults:4 | Found Femeempi's General Store.
 39510 | Vaults:4 | Found Zoff's Distillery.
 40037 | Vaults:4 | Found Erole's Book Emporium.
 40116 | Vaults:4 | Found Erosatte's Weapon Shoppe.
 40204 | Vaults:4 | Noticed Norris
 40214 | Vaults:4 | Killed Norris
 40510 | Vaults:5 | Entered Level 5 of the Vaults
 40523 | Vaults:4 | Reached skill level 15 in Armour
 40551 | Vaults:4 | Gained Bogwald as an ally
 40602 | Vaults:4 | Acquired the +1 helmet "Kiguib" {rElec rPois Dex-2}
 41026 | Vaults:5 | Reached skill level 21 in Invocations
 41468 | Vaults:5 | Identified the +8 short sword of Tenacity {freeze, Int-2
                  | Dex+4}
 41469 | Vaults:5 | Identified the +0 leather armour "Gosaduh" {Str+2 Int+3}
 41540 | Vaults:5 | Noticed a dread lich
 41545 | Vaults:5 | Killed a dread lich
 41599 | Vaults:5 | Gained Orkrul as an ally
 41600 | Vaults:5 | Reached XP level 21. HP: 165/201 MP: 35/35
 41984 | Vaults:5 | Identified the staff "Zuofro" {rPois rN+ Dex+4 Necro
                  | Alchemy}
 42181 | Vaults:5 | Your ally Bogwald died
 43205 | Vaults:5 | Got a silver rune of Zot
 43471 | Elf:1    | Entered Level 1 of the Elven Halls
 43600 | Elf:1    | Found Xofestryi's Weapon Emporium.
 43602 | Elf:1    | Found Rus Ces's Weapon Shoppe.
 43602 | Elf:1    | Found Dekhlusugg's Assorted Antiques.
 43610 | Elf:1    | Found Uleiczug's Magic Scroll Shoppe.
 43621 | Elf:1    | You fall into a shaft and drop 1 floor!
 43622 | Elf:2    | Found Julyly's Jewellery Emporium.
 43623 | Elf:2    | Found Jetitt's Book Shop.
 43628 | Elf:2    | Found Sipraosh's Jewellery Emporium.
 43763 | Elf:2    | Found a crumbling gateway.
 43845 | Desolati | Entered the Desolation of Salt
 43894 | Desolati | Found the +10 morningstar "Eos" {elec, Halo rElec}
 43937 | Desolati | Identified the ring "Lasit" {rElec Int+6}
 44179 | Desolati | Identified the ring of Ignis's Approval {Fire rCorr Int-5
                  | Dex+2}
 44202 | Desolati | Gained Wargath as an ally
 44429 | Desolati | Identified the ring "Himal" {Ice rElec Str+2 Int-2}
 44434 | Desolati | Your ally Wargath died
 44435 | Desolati | Found the +3 warlock's mirror {omnireflect}
 44471 | Desolati | Gained Horkud as an ally
 44534 | Desolati | Reached skill level 22 in Invocations
 44534 | Desolati | Identified the amulet "Qarch" {Spirit rElec}
 44545 | Desolati | Identified the +8 orcbow "Meclow" {drain, rElec rC+}
 44566 | Desolati | Identified the ring of Qybradiuth {Int+2 Dex+6 Stlth+}
 45652 | Elf:1    | Bought a scroll of blinking for 120 gold pieces
 45721 | Elf:1    | Your ally Horkud died
 45736 | Elf:1    | Your ally Orkrul died
 45740 | Elf:1    | Gained Hawl as an ally
 45817 | Elf:1    | Reached XP level 22. HP: 213/213 MP: 37/37
 45897 | Elf:1    | Noticed Azrael
 45907 | Elf:1    | Killed Azrael
 46091 | Elf:1    | Found a portal to a secret trove of treasure.
 46338 | Elf:2    | Identified the ring "Luehiulu" {rPois Slay+3}
 46524 | Elf:1    | Got the Catalogue of Blasts and Apparitions
 46633 | Elf:2    | Found a runed translucent gate.
 46634 | Elf:2    | Found a runed translucent gate.
 46635 | Elf:2    | Found a runed translucent gate.
 46775 | Elf:2    | Found a runed translucent gate.
 46775 | Elf:2    | Found a runed translucent gate.
 46775 | Elf:2    | Found a runed translucent gate.
 46776 | Elf:2    | Noticed Goqemeh's ghost (adept MiBe)
 46787 | Elf:2    | Killed Goqemeh's ghost
 47266 | Elf:2    | Identified the blade talisman of Lesser Demons {rC+ rN+
                  | Dex-2}
 47402 | Elf:3    | Entered Level 3 of the Elven Halls
 47636 | Elf:3    | Paralysed by an air elemental for 1 turns
 47926 | Elf:3    | Your ally Koronagh died
 47942 | Elf:3    | Your ally Dorog died
 48451 | Elf:3    | Identified the amulet "Rowaute" {Spirit Str-3 Int+3}
 48912 | Elf:3    | Identified the ring "Ozaqag" {rN+ Will+ Int+4 Dex-4 SInv}
 48953 | Elf:3    | Got the Volume of Excruciating Superposition
 48968 | Elf:3    | Identified the ring of Suthraff {^Drain rCorr Int-2 SInv
                  | Stlth+}
 48978 | Elf:3    | Got the Volume of Injury and the Crucible
 49180 | Elf:2    | Bought the ring "Ufuc" {rN+ Dex+8 SInv Stlth-} for 512 gold
                  | pieces
 49502 | Vaults:3 | Bought the +9 scales of the Dragon King {rPois rF+ rC+
                  | Will+} for 2870 gold pieces
 49502 | Vaults:3 | Found the +9 scales of the Dragon King {rPois rF+ rC+
                  | Will+}
 49582 | Vaults:4 | Bought a potion of heal wounds for 75 gold pieces
 49765 | Vaults:1 | Bought a pair of glimmering boots for 332 gold pieces
 49765 | Vaults:1 | Identified the +2 pair of boots "Zieliyv" {Regen+ Int+4}
                  | (You bought it in a shop on level 1 of the Vaults)
 50409 | Depths:1 | Entered Level 1 of the Depths
 50544 | Depths:1 | Reached skill level 23 in Invocations
 51074 | Depths:1 | Your ally Hawl died
 51283 | Depths:1 | Found a one-way gateway to a ziggurat.
 51527 | Depths:1 | Found a gateway to Hell.
 51744 | Depths:2 | Reached XP level 23. HP: 223/223 MP: 38/38
 51832 | Depths:2 | Found a runed translucent gate.
 51833 | Depths:2 | Found a runed translucent gate.
 51835 | Depths:2 | Found a runed translucent gate.
 51837 | Depths:2 | Noticed xzight's ghost (legendary MiBe)
 51930 | Depths:2 | Gained Jorge as an ally
 51936 | Depths:2 | Your ally Jorge died
 52164 | Depths:2 | Found Vibihifymp's One-of-a-Kind Rings.
 52232 | Depths:2 | Found a one-way gate leading to the halls of Pandemonium.
 52275 | Depths:2 | Noticed Asterion
 52303 | Depths:2 | Killed Asterion
 52793 | Depths:2 | Noticed a golden dragon
 52810 | Depths:2 | Killed a golden dragon
 53353 | Depths:3 | Reached skill level 10 in Evocations
 53746 | Depths:3 | Noticed Vv
 53789 | Depths:3 | Killed Vv
 54163 | Depths:3 | Gained Orkrul as an ally
 54284 | Depths:3 | You fall into a shaft and drop 1 floor!
 54284 | Depths:4 | Entered Level 4 of the Depths
 54326 | Depths:3 | Found a shadowy altar of Dithmenos.
 54375 | Depths:3 | Found a one-way gate to the infinite horrors of the Abyss.
 54382 | Depths:3 | Got Uleleomm's Folio of Doomed Thunder
 54423 | Depths:3 | Identified the +11 trident of Edomodgh {flame, rF+ rC+
                  | Int-3}
 54456 | Depths:3 | Reached skill level 24 in Invocations
 54776 | Depths:4 | Reached XP level 24. HP: 201/234 MP: 35/39
 55059 | Depths:4 | Gained Geork as an ally
 55265 | Depths:4 | Found a radiant altar of Vehumet.
 55394 | Depths:4 | Found a gate to the Realm of Zot.
 55597 | Zot:1    | Entered Level 1 of the Realm of Zot
 56973 | Zot:2    | Identified the +1 robe "Ohuih" {rCorr Str+5 Stlth+}
 57203 | Zot:2    | Reached skill level 25 in Invocations
 57395 | Zot:2    | Gained Margrim as an ally
 58742 | Depths:2 | Identified the +8 hand axe "Poedosk" {pain, Int+2}
 58756 | Depths:2 | Identified the +0 battleaxe of Ifaforia {venom, +Blink
                  | Int+3}
 58767 | Depths:2 | Identified the +9 falchion of Modern Integrity {flame,
                  | MP+9}
 58777 | Depths:2 | Identified the +7 bardiche "Ziraewk" {flame, Dex+2}
 58785 | Depths:2 | Identified the amulet of Tuyth {Harm Regen+}
 58939 | Depths:3 | Killed xzight's ghost
 58998 | Depths:2 | Identified the +6 plate armour "Laddyrom" {rC- rN++ Regen+
                  | Int-3}
 59433 | Zot:2    | Reached skill level 15 in Dodging
 59859 | Zot:3    | Reached XP level 25. HP: 190/245 MP: 32/39
 60300 | Zot:4    | Noticed an orb of fire
 60413 | Zot:4    | Gained mutation: Your spells are a little easier to cast,
                  | but a little less powerful. [an orb of fire]
 60416 | Zot:4    | Gained mutation: Armour fits poorly on your strangely
                  | shaped body. [an orb of fire]
 60419 | Zot:3    | Gained mutation: Your body sometimes deteriorates upon
                  | taking damage. [an orb of fire]
 60428 | Zot:3    | Gained mutation: You are clumsy. (Dex -2) [an orb of fire]
 60430 | Zot:3    | Killed an orb of fire
 61174 | Zot:5    | Entered Level 5 of the Realm of Zot
 61551 | Zot:5    | Noticed an orb of fire
 61734 | Zot:5    | Reached skill level 26 in Invocations
 61734 | Zot:5    | Lost mutation: Armour fits poorly on your strangely shaped
                  | body. [potion of mutation]
 61734 | Zot:5    | Lost mutation: Your spells are a little easier to cast, but
                  | a little less powerful. [potion of mutation]
 61734 | Zot:5    | Lost mutation: Your body sometimes deteriorates upon taking
                  | damage. [potion of mutation]
 61734 | Zot:5    | Gained mutation: You are partially covered in iridescent
                  | scales. (AC +2) [potion of mutation]
 61969 | Zot:5    | Noticed a Killer Klown
 61980 | Zot:5    | Noticed a dread lich
 61993 | Zot:5    | Noticed a dread lich
 61999 | Zot:5    | Noticed an orb of fire
 61999 | Zot:5    | Noticed an ancient lich
 62003 | Zot:5    | Killed a dread lich
 62006 | Zot:5    | Killed an orb of fire
 62008 | Zot:5    | Killed a Killer Klown
 62008 | Zot:5    | Noticed an orb of fire
 62009 | Zot:5    | Your ally Geork died
 62012 | Zot:5    | Killed a dread lich
 62013 | Zot:5    | Your ally Margrim died
 62016 | Zot:5    | Gained mutation: Your body sometimes deteriorates upon
                  | taking damage. [an orb of fire]
 62017 | Zot:5    | Killed an ancient lich
 62024 | Zot:5    | Gained mutation: You are vulnerable to cold. (rC-) [an orb
                  | of fire]
 62026 | Zot:5    | Killed an orb of fire
 62032 | Zot:5    | Your ally Boruk died
 62443 | Zot:5    | Lost mutation: You occasionally lose the ability to read
                  | scrolls when taking damage. [potion of mutation]
 62443 | Zot:5    | Lost mutation: You are partially covered in iridescent
                  | scales. (AC +2) [potion of mutation]
 62443 | Zot:5    | Lost mutation: You are clumsy. (Dex -2) [potion of
                  | mutation]
 62443 | Zot:5    | Gained mutation: You occasionally lose the ability to drink
                  | potions when taking damage. [potion of mutation]
 62443 | Zot:5    | Gained mutation: You have a pair of small horns on your
                  | head. [potion of mutation]
 62444 | Zot:5    | Lost mutation: You have a pair of small horns on your head.
                  | [potion of mutation]
 62444 | Zot:5    | Lost mutation: You occasionally lose the ability to drink
                  | potions when taking damage. [potion of mutation]
 62444 | Zot:5    | Lost mutation: You are vulnerable to cold. (rC-) [potion of
                  | mutation]
 62444 | Zot:5    | Gained mutation: You possess an exceptional clarity of
                  | mind. [potion of mutation]
 62444 | Zot:5    | Gained mutation: You have hidden genetic potential. [potion
                  | of mutation]
 62567 | Zot:5    | Noticed a Killer Klown
 62568 | Zot:5    | Noticed an ancient lich
 62569 | Zot:5    | Noticed an ancient lich
 62583 | Zot:5    | Killed an ancient lich
 62583 | Zot:5    | Killed a Killer Klown
 62584 | Zot:5    | Reached XP level 26. HP: 224/258 MP: 37/40
 62596 | Zot:5    | Killed an ancient lich
 62640 | Zot:5    | Noticed a dread lich
 62663 | Zot:5    | Killed a dread lich
 62667 | Zot:5    | Noticed an ancient lich
 62685 | Zot:5    | Killed an ancient lich
 62696 | Zot:5    | Noticed an orb of fire
 62703 | Zot:5    | Gained mutation: You are vulnerable to cold. (rC-) [an orb
                  | of fire]
 62724 | Zot:5    | Killed an orb of fire
 62726 | Zot:5    | Noticed an ancient lich
 62741 | Zot:5    | Killed an ancient lich
 62766 | Zot:5    | Noticed an orb of fire
 62775 | Zot:5    | Gained mutation: Your body often deteriorates upon taking
                  | damage. [an orb of fire]
 62778 | Zot:5    | Gained mutation: You occasionally lose the ability to drink
                  | potions when taking damage. [an orb of fire]
 62795 | Zot:5    | Killed an orb of fire
 62979 | Zot:5    | Got the Orb of Zot
 63264 | D:15     | Noticed Leduxito the pandemonium lord
 63592 | D:$      | Escaped with the Orb!

Illustrated notes

Levels and vault maps discovered:
D:1:      orjb1_lava_funnel, layout_loops_cross, serial_park_tiny_pond,
          ebering_dispersal_statue_hall, minmay_misc_feat_nine_boxes,
          kennysheep_doodads, dreamdust_princess_corridor
D:2:      layout_basic, serial_shops, nicolae_shop_bloodbath_and_beyond,
          serial_glass, glass_columns_a, glass_columns_a
D:3:      layout_rooms, gammafunk_temple_overflow_wave, nrook_uturn
D:4:      layout_loops_ring, mainiacjoe_overflow_tiny_flanked,
          lemuel_tele_altar, hellmonk_ghost_happy_afterlife,
          kennysheep_nondescript, uniq_grinder
D:5:      minmay_diamond_boxcup, layout_rooms, minmay_pentangle
D:6:      layout_basic, temple_green
D:7:      layout_basic, nzn_overflow_gifts_of_might_and_magic,
          nicolae_overflow_two_pavilions, uniq_maggie
D:8:      layout_loops_corners, worms_lemuel
D:9:      layout_cave_pools, lemuel_mausoleum_altar_yredelemnul, enter_bailey_5,
          nicolae_nh_ransacked_shop
D:10:     minmay_the_grid_net [minmay_the_grid_slots, minmay_the_grid_rooms,
          minmay_the_grid_gridbox, minmay_the_grid_doors, minmay_the_grid_mess,
          minmay_the_grid_prize_big_room], layout_basic
D:11:     layout_roguey, orc_david_3, nicolae_looking_at_the_future,
          uniq_josephine
D:12:     layout_gridville, jiyva_altar_1, uniq_frances, uniq_psyche
D:13:     layout_grid_maze, uniq_rupert
D:14:     layout_loops_corners, hellmonk_vaults_order_and_chaos,
          nicolae_elevator_lobby_plus
D:15:     grunt_enter_depths_giant_problem, layout_stronghold,
          nicolae_tricolors, gauntlet_entry_generic
Lair:1:   gammafunk_boulding_lane, layout_cellular_growth, grunt_megastairs_5,
          serial_bayou_shore_a
Lair:2:   layout_misc_corridors, columned_hall_lemuel, st_stairs_3,
          lemuel_fruit_fields
Lair:3:   layout_cave_pods, swamp_mist, nicolae_snake_entry_warm_welcome,
          ebering_ghost_inner_flame
Lair:4:   layout_loops_ring
Lair:5:   guppyfry_lair_end_dragon, layout_regular_city, wormcave,
          nicolae_slime_entry_field_trip, serial_bayou_ford_a,
          grunt_forest_small_clearing_treed, lemuel_fruit_tree, uniq_sonja
Swamp:1:  layout_falls_marsh, nicolae_swamp_dense_foliage
Swamp:2:  layout_falls_marsh, gammafunk_ghost_wrathful_warriors,
          evilmike_swamp_ruin_rubble_2, uniq_roxanne
Swamp:3:  layout_basic_swamp, basic_altar, uniq_donald, uniq_mara,
          uniq_bai_suzhen
Swamp:4:  swamp_old_school, layout_basic_swamp, swamp_pool_1_2
Snake:1:  layout_grid_maze, ebering_ghost_disaster_area
Snake:2:  layout_gridlike, uniq_saint_roka, uniq_vashnia
Snake:3:  layout_gridlike, minmay_shop_star, uniq_mlioglotl
Snake:4:  snake_pit, layout_cave_town, portal_ice_cave_entry_ice_statue_one,
          drop_trap, nicolae_snake_boneroom
Orc:1:    layout_caves, basic_altar, nicolae_shop_firing_range
Orc:2:    grunt_orc_gardens, layout_caves, grunt_orc_garden, grunt_orc_garden,
          grunt_orc_garden, grunt_orc_garden, enter_volcano_3, uniq_jorgrun
Elf:1:    elf_arrival_001, layout_geoelf_diagonals, nicolae_trove_entry_crystal,
          minmay_elf_sorcery, minmay_shoptagon, uniq_azrael
Elf:2:    elven_hall_of_blades_hangedman_original [mumra_blade_entry_bloodbath],
          layout_onion_city, ebering_ghost_rock_garden,
          portal_desolation_entry_garden, minmay_shop_grove
Elf:3:    minmay_elf_hall_dome, layout_geoelf_castle
Vaults:1: st_star, nicolae_vaults_bisected_inception, v_pattern_1,
          vaults_standard_mumra_lines, vaults_room_corners,
          nicolae_vaults_circle_grid_b, vaults_room_door_ring,
          nicolae_vaults_oval_intersection, layout_vaults_omnicross,
          serial_shops, nicolae_shop_tiny_waterfront, nicolae_shop_tiny_glass,
          shop, shop
Vaults:2: ontoclasm_vaults_loading_screen, nicolae_vaults_network_barrier,
          gargoyle_guard, v_misc_16, nicolae_vaults_trapezoid_lopsided_2,
          hangedman_vaults_stream, nicolae_vaults_hexular_roomagon,
          ontoclasm_vaults_pinch, vaults_dpeg_cross,
          ontoclasm_vaults_misaligned, v_misc_22, nicolae_vaults_weapon_check,
          nicolae_vaults_house_2, layout_vaults_ring, serial_shops
Vaults:3: ontoclasm_vaults_hangar, vaults_mumra_lcd, dpeg_vaults_monster_box,
          nicolae_vaults_little_squares_3, serial_ice_m, vaults_dpeg_hooks,
          layout_vaults_omnigrid
Vaults:4: hangedman_vaults_nodes, v_rooms_5, vaults_mumra_chevron_long,
          vaults_room_fours, v_misc_27, nicolae_vaults_octothorpe,
          nicolae_vaults_mini_display_case, nicolae_vaults_trapezoid_lopsided_4,
          hangedman_vaults_river_flow, nicolae_vaults_prndl,
          nicolae_vaults_trapezoid_lopsided_3, nicolae_vaults_library_corner,
          nicolae_vaults_house_2, layout_vaults_maze_bifur, serial_shops,
          nicolae_shop_back_alley_shop, nicolae_shop_window_shopping,
          nicolae_shop_real_fake_doors, nicolae_shop_industrial_runoff,
          uniq_norris
Vaults:5
Depths:1: grunt_arcs, layout_cave_shapes, enter_ziggurat_c, pf_coc_iceberg,
          kennysheep_generic_room_2
Depths:2: gold_lair_mu, layout_gridlike, grunt_mini_vestibule,
          gammafunk_ghost_split, grunt_pan_entry_zigzag, minmay_holes,
          st_stairs_13, nicolae_shop_unique_rings, uniq_asterion
Depths:3: cheibrodos_poisonous_passages, layout_cave_pools, abyss_entry,
          hellmouth_1, nicolae_dithmenos_the_darkroom,
          amcnicky_mini_rare_corridor_liquid, nicolae_houndstooth_variations,
          uniq_vv
Depths:4: grunt_twist_and_shout, layout_cave_shapes,
          nicolae_abyss_entry_one_way_or_another, nicolae_vehumet_radiance,
          hell_entry, item_on_display_a, infiniplex_staircase_pool_lava
Zot:1:    nicolae_moth_party, layout_basic, grunt_ministairs_6
Zot:2:    layout_basic, regret_index_zotdec_twisting_globes
Zot:3:    layout_gridlike
Zot:4:    layout_onion_interference, grunt_megastairs_3
Zot:5:    layout_basic, grunt_ministairs_10, regret_index_zotdec_plus,
          st_stairs_11, nrook_zot_tub

Skill      XL: |  1  2  3  4  5  6  7  8  9 10 11 12 13 14 15 16 17 18 19 20 21 22 23 24 25 26 |
---------------+-------------------------------------------------------------------------------+-----
Fighting       | 3 4 5 7 9 12 14 15 16 18 19 20 21 22 24 25 | 25.2
Axes           | 6 9 13 15 16 18 | 18.0
Armour         | 1 4 8 10 11 12 14 15 16 17 18 19 21 | 21.2
Dodging        | 2 4 6 7 8 10 11 12 13 14 15 16 | 16.2
Throwing       | 1 4 5 7 8 10 11 | 11.4
Invocations    | 11 13 15 16 17 18 20 21 22 23 24 25 26 | 26.7
Shields        | 5 13 15 | 15.0
Evocations     | 5 6 9 10 | 10.0
Spellcasting   | |  1.5
Conjurations   | |  3.0

Action                     |  1- 3 |  4- 6 |  7- 9 | 10-12 | 13-15 | 16-18 | 19-21 | 22-24 | 25-27 || total
---------------------------+-------+-------+-------+-------+-------+-------+-------+-------+-------++-------
  Melee: Hand axe          |       |    84 |    64 |   597 |   143 |       |       |       |       ||   888
         Punch             |       |     2 |     5 |     4 |     1 |       |       |       |       ||    12
         War axe           |       |       |   286 |       |   378 |       |       |       |       ||   664
         Broad axe         |       |       |       |       |   358 |   896 |  1122 |  1704 |   660 ||  4740
         Scimitar          |       |       |       |       |       |    63 |       |       |       ||    63
   Fire: Sling             |   156 |   115 |    59 |       |       |       |       |       |       ||   330
  Throw: Dart              |       |       |     1 |     6 |     7 |     9 |    12 |    26 |    12 ||    73
         Javelin           |       |       |       |       |       |     2 |       |       |    11 ||    13
         Boomerang         |       |       |       |       |       |       |       |       |     1 ||     1
   Cast: Momentum Strike   |       |       |     2 |       |       |       |       |       |       ||     2
         Kiss of Death     |       |       |     1 |       |       |       |       |       |       ||     1
 Invoke: Convert to Beogh  |       |     1 |       |       |       |       |       |       |       ||     1
         Recall Orcish Fol |       |       |       |     1 |    25 |    16 |    19 |     5 |     4 ||    70
         Stop Recall       |       |       |       |     1 |     9 |     4 |     3 |       |       ||    17
         Give Item to Name |       |       |       |       |     7 |     4 |     4 |     4 |     1 ||    20
         Resurrection      |       |       |       |       |     1 |     2 |       |       |       ||     3
         Smiting           |       |       |       |       |     4 |     7 |     2 |     4 |     6 ||    23
  Evoke: Wand              |       |       |       |     4 |     7 |       |       |     2 |     1 ||    14
         Condenser vane    |       |       |       |       |     1 |     1 |     1 |       |     1 ||     4
         Box of beasts     |       |       |       |       |       |       |     1 |     1 |     1 ||     3
         Phantom mirror    |       |       |       |       |       |       |       |       |     1 ||     1
    Use: Potion            |       |     2 |     2 |     3 |     7 |     5 |     1 |       |     9 ||    29
         Scroll            |       |       |     9 |     9 |    13 |     5 |     4 |     8 |     4 ||    52
   Stab: Distracted        |       |       |       |     7 |     8 |     7 |    13 |     6 |       ||    41
         Confused          |       |       |       |       |       |     1 |       |       |       ||     1
         Invisible         |       |       |       |       |       |       |       |       |    13 ||    13
 Armour: Leather armour    |    54 |    97 |   150 |   279 |   193 |       |       |       |       ||   773
         Skin              |       |       |       |     5 |       |       |       |       |       ||     5
         Plate armour      |       |       |       |       |   348 |  1035 |   803 |   146 |       ||  2332
         Gold dragon scale |       |       |       |       |       |       |       |  1260 |   546 ||  1806
  Dodge: Dodged            |    62 |    69 |   185 |   412 |   496 |   584 |   440 |   500 |   186 ||  2934
  Block: Kite shield       |       |       |       |       |   367 |   841 |   709 |  1002 |   381 ||  3300
         Buckler           |       |       |       |       |    36 |       |       |       |       ||    36
